 Dungeon Crawl Stone Soup version 0.29.1-2-gbd0b4ee654 (webtiles) character file.

Game seed: 10802645604889433774

1947 MTVSty1e the Cleaver (level 8, 0/75 HPs)
             Began as a Minotaur Fighter on Oct 23, 2022.
             Was a Believer of Okawaru.
             Killed from afar by a manticore (11 damage)
             ... with a volley of spikes
             ... on level 6 of the Dungeon.
             The game lasted 00:07:17 (6575 turns).

MTVSty1e the Cleaver (Minotaur Fighter)             Turns: 6575, Time: 00:07:18

Health: 0/75       AC: 15    Str: 23    XL:     8   Next: 98%
Magic:  6/6        EV:  6    Int:  5    God:    Okawaru [**....]
Gold:   335        SH:  5    Dex: 10    Spells: 7/7 levels left

rFire   . . .      SeeInvis .   a - +1 war axe
rCold   . . .      Faith    .   c - +0 buckler
rNeg    . . .      Spirit   .   k - +1 plate armour
rPois   .          Reflect  .   (helmet restricted)
rElec   .          Harm     .   (no cloak)
rCorr   .          Rampage  .   (no gloves)
Will    .....                   (no boots)
Stlth   ..........              (no amulet)
HPRegen 0.22/turn               f - ring of flight
MPRegen 0.10/turn               (no ring)

@: spiked, flying, invisible
A: horns 2, retaliatory headbutt, iridescent scales 1, low MP 1, sense
surroundings 1
a: Renounce Religion, Heroism


You were on level 6 of the Dungeon.
You worshipped Okawaru.
Okawaru was pleased with you.
You visited 2 branches of the dungeon, and saw 7 of its levels.

You collected 335 gold pieces.

Inventory:

Hand Weapons
 a - a +1 war axe (weapon)
 t - a +1 flail of draining
Armour
 b - a +0 scale mail
 c - a +0 buckler (worn)
 k - a +1 plate armour (worn)
Jewellery
 f - a ring of flight (left hand)
 i - a ring of ice
 m - a ring of magical power
Wands
 q - a wand of quicksilver (9)
Scrolls
 d - a scroll of blinking
 g - 2 scrolls of noise
 j - 2 scrolls of amnesia
 n - a scroll of enchant armour
Potions
 e - 2 potions of brilliance
 h - a potion of attraction
 r - a potion of ambrosia {unknown}
 s - 2 potions of curing


   Skills:
 + Level 8.7 Fighting
 * Level 10.8 Axes
 - Level 4.9 Armour
 - Level 5.0 Shields


You had 7 spell levels left.
You didn't know any spells.
Your spell library contained the following spells:

 Spells                   Type           Power      Damage    Failure   Level
 Inner Flame              Hex/Fire       0%         N/A       100%        3
 Cause Fear               Hex            0%         N/A       100%        4
 Alistair's Intoxication  Tmut/Pois      0%         N/A       100%        5
 Borgnjor's Vile Clutch   Necr/Erth      0%         N/A       100%        5
 Eringya's Noxious Bog    Tmut/Pois      0%         N/A       100%        6
 Discord                  Hex            0%         N/A       100%        8


Dungeon Overview and Level Annotations

Branches:
Dungeon (6/15)             Temple (1/1) D:4

Altars:
Ashenzari
Cheibriados
Dithmenos
Elyvilon
Fedhas
Gozag
Kikubaaqudgha
Nemelex Xobeh
Okawaru
Qazlal
Ru
Sif Muna
Trog
Uskayaw
Vehumet
Wu Jian
Yredelemnul
Zin
The Shining One

Shops:
D:4 !   D:5 (

Annotations:
D:6 Dowan, Duvessa


Innate Abilities, Weirdness & Mutations

You have a pair of horns on your head.
You reflexively headbutt those who attack you in melee.
You are partially covered in iridescent scales. (AC +2)
Your magical capacity is low. (-10% MP)
You passively map a small area around you.


Message History

The manticore flicks its tail.
The volley of spikes hits you but does no damage.
You carefully extract the barbed spikes from your body.
The manticore flicks its tail.
The volley of spikes hits you but does no damage.
The manticore flicks its tail.
The volley of spikes misses you.
You see here an adder corpse.
The manticore flicks its tail.
The volley of spikes hits you!
The barbed spikes become lodged in your body.
The barbs in your skin will harm you if you move.
Continue?
Okay, then.
The manticore flicks its tail.
The volley of spikes hits you.
The barbed spikes become lodged in your body.
Okay, then.
Okay, then.
The manticore flicks its tail.
The volley of spikes hits you!
The barbed spikes become lodged in your body.
* * * LOW HITPOINT WARNING * * *
The manticore flicks its tail.
The volley of spikes hits you!
The barbed spikes become lodged in your body.
* * * LOW HITPOINT WARNING * * *
A manticore is nearby!
You feel better.
The manticore flicks its tail.
The volley of spikes misses you.
It was a potion of mutation.
You feel extremely strange.
You feel less energetic.
Iridescent scales grow over part of your body.
You feel a strange attunement to the structure of the dungeons.
It was a potion of flight.
You feel more buoyant.
The manticore flicks its tail.
The volley of spikes hits you!
The barbed spikes become lodged in your body.
You die...

,#.###... .##* ,
,,...,... .... #.#
#)##..# #.#
#.)...# #.#
#.##..#
.##.###.###.##..#
...........H....#
, ,
,..........#†##..#
* .##.#####[#@#*
.# *
,.....###...##..#
. #...........# *
#.#.....)...# ,
###.####.## * #.#
*.#* ** ,, #<# * .
, #.# , # #.# *


You could see a manticore (unable to see you).

Vanquished Creatures
  Prince Ribbit (D:5)
  Grinder (D:5)
  A water moccasin (D:6)
  An ogre (D:4)
  The ghost of diceflayer the Trooper, an amateur DsFi (D:3)
  2 phantoms
  A bullfrog (D:5)
  2 necrophages
  3 scorpions
  3 wights (D:6)
  A killer bee (D:5)
  A howler monkey (D:6)
  A jelly (D:4)
  An orc priest (D:4)
  A gnoll bouda (D:6)
  A hound (D:5)
  Ijyb (D:5)
  2 iguanas
  2 orc wizards (D:4)
  4 gnolls (D:6)
  14 adders
  2 white imps (D:5)
  An ufetubus (D:3)
  3 worms
  8 orcs
  6 endoplasms
  2 giant cockroaches
  7 goblins
  7 hobgoblins
  5 jackals
  23 kobolds
  9 quokkas
  4 ball pythons
  10 bats
  4 frilled lizards
  5 rats
141 creatures vanquished.

Vanquished Creatures (others)
  An endoplasm (D:4)
  68 plants (D:4)
69 creatures vanquished.

Grand Total: 210 creatures vanquished

Notes
Turn   | Place    | Note
-------+----------+-------------------------------------------
     0 | D:1      | MTVSty1e the Minotaur Fighter began the quest for the Orb.
     0 | D:1      | Reached XP level 1. HP: 19/19 MP: 0/0
   339 | D:1      | Reached XP level 2. HP: 27/27 MP: 1/1
   368 | D:1      | Found a faded altar of an unknown god.
   858 | D:2      | Reached skill level 3 in Axes
   858 | D:2      | Reached XP level 3. HP: 22/33 MP: 2/2
  1693 | D:3      | Found a runed translucent door.
  1693 | D:3      | Noticed diceflayer's ghost (amateur DsFi)
  1706 | D:3      | Reached XP level 4. HP: 34/41 MP: 3/3
  1718 | D:3      | HP: 2/41 [diceflayer's ghost (3)]
  1720 | D:3      | Killed diceflayer's ghost
  1721 | D:3      | Reached XP level 5. HP: 27/47 MP: 4/4
  2025 | D:3      | Reached skill level 4 in Axes
  2352 | D:3      | Reached skill level 5 in Fighting
  2352 | D:3      | Reached skill level 5 in Shields
  2836 | D:4      | Reached XP level 6. HP: 44/56 MP: 5/5
  2869 | D:4      | Reached skill level 5 in Axes
  3099 | D:4      | Found a staircase to the Ecumenical Temple.
  3139 | Temple   | Entered the Ecumenical Temple
  3430 | Temple   | Became a worshipper of Warmaster Okawaru
  3758 | D:4      | Found Puell's Distillery.
  3773 | D:4      | Reached skill level 6 in Axes
  3773 | D:4      | Reached XP level 7. HP: 32/63 MP: 6/6
  3785 | D:4      | Reached * piety under Okawaru
  4788 | D:5      | Entered Level 5 of the Dungeon
  4863 | D:5      | Reached skill level 7 in Axes
  5155 | D:5      | Noticed Grinder
  5167 | D:5      | Paralysed by Grinder for 5 turns
  5173 | D:5      | Killed Grinder
  5174 | D:5      | Reached skill level 8 in Axes
  5586 | D:5      | Reached XP level 8. HP: 69/73 MP: 7/7
  5636 | D:5      | Noticed Ijyb
  5640 | D:5      | Killed Ijyb
  5870 | D:5      | Noticed Prince Ribbit
  5887 | D:5      | Killed Prince Ribbit
  5888 | D:5      | Reached skill level 9 in Axes
  6041 | D:5      | Found Noasyxzi's Antique Weapon Shoppe.
  6289 | D:6      | Reached ** piety under Okawaru
  6290 | D:6      | Reached skill level 10 in Axes
  6295 | D:6      | Noticed Dowan
  6296 | D:6      | Noticed Duvessa
  6556 | D:6      | Noticed a manticore
  6574 | D:6      | Gained mutation: Your magical capacity is low. (-10% MP)
                  | [potion of mutation]
  6574 | D:6      | Gained mutation: You are partially covered in iridescent
                  | scales. (AC +2) [potion of mutation]
  6574 | D:6      | Gained mutation: You passively map a small area around you.
                  | [potion of mutation]
  6575 | D:6      | Killed from afar by a manticore

Illustrated notes

Levels and vault maps discovered:
D:1:      dpeg_arrival_stonehenge_8_columns, layout_loops_ring,
          ebering_ecumenical_altar_abandoned, minmay_fountain_box,
          nrook_mini_vaults, serial_bayou_pond_b
D:2:      layout_basic, serial_bayou_crossing
D:3:      minmay_recursive_quarters, layout_loops_ring, ebering_ghost_sewer_d
D:4:      kennysheep_kobold_camp, layout_loops_ring, minmay_temple_entry_mist,
          serial_shops, nicolae_square_shop, kennysheep_generic_room_4
D:5:      layout_basic, serial_shops, nicolae_shop_overgrown_old_shop,
          uniq_prince_ribbit1, uniq_grinder, uniq_ijyb
D:6:      cheibrodos_fzero, layout_basic, uniq_duvessa
Temple:   compressed_dpeg_triangle_lava_temple

Skill      XL: |  1  2  3  4  5  6  7  8 |
---------------+-------------------------+-----
Fighting       | 4 5 6 7 8 |  8.7
Shields        | 4 5 |  5.0
Axes           | 3 4 6 8 10 | 10.8
Armour         | 4 |  4.9

Action                   |  1- 3 |  4- 6 |  7- 9 || total
-------------------------+-------+-------+-------++-------
Melee: War axe           |    75 |   123 |   144 ||   342
       Headbutt          |     9 |    18 |    23 ||    50
  Use: Potion            |     1 |     3 |     5 ||     9
       Scroll            |       |     2 |     8 ||    10
Armor: Scale mail        |    47 |    10 |       ||    57
       Plate armour      |       |    73 |   108 ||   181
Dodge: Dodged            |    37 |    48 |    50 ||   135
Block: Buckler           |    15 |    30 |    32 ||    77
